 Dungeon Crawl Stone Soup version 0.30.0-15-g856e2d3f33 (webtiles) character file.

Game seed: 5048018314868139157

94 NateTC the Chopper (level 4, -1/39 HPs)
             Began as a Hill Orc Fighter on May 19, 2023.
             Succumbed to Crazy Yiuf's poison
             ... on level 3 of the Dungeon.
             The game lasted 00:02:34 (1824 turns).

NateTC the Chopper (Hill Orc Fighter)               Turns: 1824, Time: 00:02:35

Health: -1/39      AC:  6    Str: 20    XL:     4   Next: 63%
Magic:  4/4        EV:  9    Int:  8    God:
Gold:   159        SH:  4    Dex: 10    Spells: 3/3 levels left

rFire   . . .        a - +0 war axe
rCold   . . .        c - +0 buckler
rNeg    . . .        b - +0 scale mail
rPois   .            (no helmet)
rElec   .            (no cloak)
rCorr   .            (no gloves)
SInv    .            (no boots)
Will    .....        (no amulet) Stlth
                     (no ring)
HPRegen 0.26/turn    (no ring)
MPRegen 0.09/turn

%: no passive effects
@: lethally poisoned (-1 -> -30)
A: no striking features
a: no special abilities


You were on level 3 of the Dungeon.
You visited 1 branch of the dungeon, and saw 3 of its levels.

You collected 159 gold pieces.

Inventory:

Hand Weapons
 a - a +0 war axe (weapon)
Armour
 b - a +0 scale mail (worn)
 c - a +0 buckler (worn)
Scrolls
 f - a scroll of silence {unknown}
Potions
 d - a potion of might
 e - 2 potions of curing
 h - a potion of flight
 j - a potion of heal wounds {unknown}


   Skills:
 - Level 3.6 Fighting
 * Level 6.2 Axes
 - Level 3.2 Armour
 - Level 3.2 Shields


You had 3 spell levels left.
You didn't know any spells.
Your spell library contained the following spells:

 Spells                   Type           Power      Damage    Failure   Level
 Ensorcelled Hibernation  Hex/Ice        0%         N/A       93%         2
 Spider Form              Tmut/Pois      0%         N/A       99%         3
 Anguish                  Hex/Necr       0%         N/A       100%        4


Dungeon Overview and Level Annotations

Branches:
Dungeon (3/15) Zot: 16147

Altars:
Elyvilon

Shops:
D:1 (   D:2 (

Annotations:
D:3 Crazy Yiuf


Message History

Found seven hammers.
Found a runed translucent door.
You see here a +1 hammer of draining.
No target in view!
Found a hammer.
Crazy Yiuf shouts!
You see here a +0 hammer.
No target in view!
You see here a +0 hammer.
Found three hammers.
You see here a +0 hammer.
No reachable target in view!
You see here a +0 hammer.
You see here a +0 hammer.
You see here a +1 hammer of draining.
You see here a +0 hammer.
Key pressed, stopping explore.
No target in view!
Sorry, I don't know how to traverse that place.
You see here a +0 hammer.
You see here a +1 hammer of draining.
You see here a +0 hammer.
You see here a +0 hammer.
You see here a +0 hammer.
As you open the door, it creaks loudly!
You hit Crazy Yiuf.
Crazy Yiuf is moderately wounded.
Crazy Yiuf drinks a potion.
Crazy Yiuf goes berserk!
You barely miss Crazy Yiuf.
Crazy Yiuf is moderately wounded.
Crazy Yiuf hits you with a +4 quarterstaff of chaos!
You resist with significant effort. Crazy Yiuf closely misses you.
You closely miss Crazy Yiuf.
Crazy Yiuf is moderately wounded.
Crazy Yiuf barely misses you.
Crazy Yiuf hits you with a +4 quarterstaff of chaos!
* * * LOW HITPOINT WARNING * * *
You are lethally poisoned!
You hit Crazy Yiuf but do no damage.
Crazy Yiuf is moderately wounded.
You die...

..###.######
...........#
#.....####.#
##....## #.# #####
##<##..# #.# #).)#
...#...###.# #)))#
.###.#..##.# )))
.....#.....# #g#
.########### ##@#
........ #)##
.####### ##)#
......# #)##
#####.# ##)## ..#
#.# #)..##
#.###.###### #....#
....#......# ##..##
#.#.#......###....#


You could see Crazy Yiuf (berserk).

Vanquished Creatures
  A gnoll (D:1)
  2 adders (D:2)
  A shadow imp (D:3)
  2 worms
  4 dart slugs
  7 ball pythons
  2 bats
  6 endoplasms
  4 goblins
  2 hobgoblins
  3 kobolds
  3 quokkas
  A frilled lizard (D:1)
  6 rats
44 creatures vanquished.

Notes
Turn   | Place    | Note
-------+----------+-------------------------------------------
     0 | D:1      | NateTC the Hill Orc Fighter began the quest for the Orb.
     0 | D:1      | Reached XP level 1. HP: 19/19 MP: 1/1
    61 | D:1      | Reached skill level 3 in Axes
    93 | D:1      | Reached XP level 2. HP: 23/26 MP: 2/2
   131 | D:1      | Reached skill level 4 in Axes
   137 | D:1      | Reached XP level 3. HP: 20/31 MP: 3/3
   437 | D:1      | Reached skill level 5 in Axes
   529 | D:1      | Found Qasucs's Weapon Boutique.
   820 | D:2      | Found Odaore's Antique Weapon Shop.
   915 | D:2      | Reached XP level 4. HP: 38/39 MP: 4/4
  1422 | D:2      | Found a white marble altar of Elyvilon.
  1463 | D:3      | Reached skill level 6 in Axes
  1776 | D:3      | Found a runed translucent door.
  1777 | D:3      | Noticed Crazy Yiuf
  1824 | D:3      | Succumbed to Crazy Yiuf's poison

Illustrated notes

Levels and vault maps discovered:
D:1:      evilmike_arrival_plus, layout_basic, serial_shops, shop,
          nicolae_wormholes
D:2:      layout_basic, serial_shops, shop, basic_altar, grunt_ministairs_5
D:3:      layout_basic, minmay_misc_feat_plants, uniq_crazy_yiuf_cottage

Skill      XL: |  1  2  3  4 |
---------------+-------------+-----
Axes           | 3 4 5 6 |  6.2
Fighting       | |  3.6
Armour         | |  3.2
Shields        | |  3.2

Action                     |  1- 3 |  4- 6 || total
---------------------------+-------+-------++-------
  Melee: War axe           |    62 |    41 ||   103
    Use: Scroll            |     3 |     3 ||     6
 Armour: Scale mail        |    21 |    18 ||    39
  Dodge: Dodged            |    18 |    14 ||    32
  Block: Buckler           |    13 |     9 ||    22
